 Dungeon Crawl Stone Soup version 0.30-a0-860-g512cf1e979 (webtiles) character file.

Game seed: 7887320731559938084

1617 jasper the Conjurer (level 8, -3/35 (45) HPs)
             Began as a Gargoyle Earth Elementalist on Mar 7, 2023.
             Was an Initiate of Sif Muna.
             Slain by Duvessa
             ... wielding a +6 short sword of holy wrath
              (12 damage)
             ... on level 5 of the Dungeon.
             The game lasted 00:12:47 (6616 turns).

jasper the Conjurer (Gargoyle Earth Elementalist)   Turns: 6616, Time: 00:12:48

HP:   -3/35 (45)    AC: 12    Str: 15    XL:     8   Next: 96%
MP:   21/25         EV: 12    Int: 18    God:    Sif Muna [......]
Gold: 45            SH:  0    Dex:  6    Spells: 4/17 levels left

rFire   . . .      SeeInvis .    k - +2 spear (pain)
rCold   . . .      Faith    .    (no shield)
rNeg    + . .      Spirit   .    l - +1 robe "Juiter" {+Blink Str+3 Dex-4}
rPois   ∞          Reflect  .    n - +0 helmet
rElec   +          Rampage  .    e - +0 cloak {rPois}
rCorr   .                        j - +1 pair of gloves
Will    .....                    (no boots)
Stlth   +                        E - amulet of magic regeneration
HPRegen 0.25/turn                w - ring of wizardry
MPRegen 0.59/turn                s - ring of magical power

@: heavily drained
A: sickness immunity, AC +5, negative energy resistance 1, electricity
resistance, torment resistance 1, petrification resistance
a: Renounce Religion, Evoke Blink


You were on level 5 of the Dungeon.
You worshipped Sif Muna.
Sif Muna was noncommittal.
You visited 2 branches of the dungeon, and saw 7 of its levels.
You also visited: Sewer.

You collected 309 gold pieces.
You spent 264 gold pieces at shops.

Inventory:

Hand Weapons
 c - a +0 dagger
 h - a +0 short sword
 k - a +2 spear of pain (weapon)
Missiles
 i - 40 stones
 m - 8 poisoned darts
 q - 5 silver boomerangs
Armour
 a - a +0 robe
 e - a +0 cloak of poison resistance (worn)
 j - a +1 pair of gloves (worn)
 l - the +1 robe "Juiter" (worn) {+Blink Str+3 Dex-4}
   (You found it on level 2 of the Dungeon)

   Str:       It affects your strength (+3).
   Dex:       It affects your dexterity (-4).
   +Blink:    It lets you blink.
 n - a +0 helmet (worn)
 y - a scarf of shadows
Jewellery
 f - a ring of see invisible
 p - a ring of ice
 s - a ring of magical power (right hand)
 w - a ring of wizardry (left hand)
 x - the amulet "Adghiar" {Acrobat Drain +Blink Stlth+}
   (You found it on level 3 of the Dungeon)

   [amulet of the acrobat]

   It increases your evasion while moving and waiting.
   +Blink:    It lets you blink.
   Drain:     It drains your maximum health when unequipped.
   Stlth:     It makes you more stealthy.
 E - an amulet of magic regeneration (around neck)
Wands
 d - a wand of flame (29)
Scrolls
 b - 2 scrolls of blinking
 o - 3 scrolls of amnesia
 A - 2 scrolls of teleportation
 D - a scroll of enchant weapon
 F - a scroll of enchant armour
Potions
 g - 4 potions of resistance
 r - a potion of lignification {unknown}
 t - a potion of brilliance {unknown}
 u - a potion of haste {unknown}
 v - a potion of flight {unknown}
 z - a potion of mutation {unknown}
 B - 2 potions of might {unknown}
 C - a potion of heal wounds


   Skills:
 + Level 2.4 Fighting
 + Level 2.6 Dodging
 - Level 2.1 Stealth
 + Level 5.3 Spellcasting
 * Level 7.6 Conjurations
 - Level 1.0 Transmutations
 - Level 2.0 Air Magic
 + Level 5.5 Earth Magic
 - Level 2.0 Poison Magic


You had 4 spell levels left.
You knew the following spells:

 Your Spells              Type           Power      Damage    Failure   Level
a - Sandblast             Erth           48%        2d12      1%          1
b - Passwall              Tmut/Erth      13%        N/A       1%          2
c - Mephitic Cloud        Conj/Pois/Air  18%        N/A       3%          3
d - Stone Arrow           Conj/Erth      56%        3d10      1%          3
e - Petrify               Tmut/Erth      16%        N/A       13%         4

Your spell library contained the following spells:

 Spells                   Type           Power      Damage    Failure   Level
 Static Discharge         Conj/Air       44%        2-4/arc   1%          2
 Poisonous Vapours        Pois/Air       24%        N/A       3%          2
 Vhi's Electric Charge    Tloc/Air       16%        N/A       11%         3
 Ozocubu's Armour         Ice            4%         N/A       16%         3
 Arcjolt                  Conj/Air       11%        1d21      21%         5
 Lightning Bolt           Conj/Air       11%        1d24      21%         5
 Metabolic Englaciation   Hex/Ice        2%         N/A       77%         5
 Simulacrum               Ice/Necr       2%         N/A       99%         6
 Cigotuvi's Dreadful Rot  Necr/Pois/Air  Unusable   N/A       N/A         2

Dungeon Overview and Level Annotations

Branches:
Dungeon (6/15)             Temple (1/1) D:6           Sewer (visited)

Altars:
Ashenzari
Cheibriados
Dithmenos
Elyvilon
Fedhas
Gozag
Hepliaklqana
Makhleb
Nemelex Xobeh
Okawaru
Qazlal
Ru
Sif Muna
Trog
Vehumet
Wu Jian
Xom
Yredelemnul
The Shining One

Shops:
D:6 *

Annotations:
D:5 Duvessa, Eustachio


Innate Abilities, Weirdness & Mutations

You are immune to sickness and miasma.
Your stone body is resilient. (AC +5)
You are immune to poison.
You resist negative energy. (rN+)
You are resistant to electric shocks. (rElec)
You are resistant to unholy torment.
You are immune to petrification.


Message History

Press: ? - help, Shift-Dir - straight line, f - you The ball explodes into a vile cloud!
The stinking cloud engulfs you but does no damage.
The stinking cloud engulfs Eustachio but does no damage.
The stinking cloud engulfs Duvessa but does no damage.
Duvessa is heavily wounded.
Duvessa hits you with a +6 short sword of holy wrath!!
Ouch! That really hurt!
Eustachio is engulfed in noxious fumes.
Eustachio appears confused.
You take 19 damage, and have 16/35 hp.
MASSIVE DAMAGE!!
You now have 22/25 mp.
Casting: Mephitic Cloud (dangerous; 3% risk of failure)
Confirm with . or Enter, or press ? or * to list all spells.
Aiming: Mephitic Cloud (dangerous; 3% risk of failure)
Press: ? - help, Shift-Dir - straight line, f - Duvessa
Aim: Duvessa, wielding a +6 short sword of holy wrath and wearing a +0 leather armour (heavily wounded, berserk, chance to affect: 81%)
The ball explodes into a vile cloud!
The stinking cloud engulfs Duvessa but does no damage.
Duvessa is heavily wounded.
The stinking cloud engulfs you but does no damage.
Duvessa is engulfed in noxious fumes.
Duvessa appears confused.
Duvessa hits you with a +6 short sword of holy wrath!
* * * LOW HITPOINT WARNING * * *
Eustachio is engulfed in noxious fumes.
Eustachio appears confused.
Duvessa is engulfed in noxious fumes.
Duvessa appears confused.
Duvessa hits Eustachio with a +6 short sword of holy wrath!!
Duvessa hits herself with a +6 short sword of holy wrath!
You take 9 damage, and have 7/35 hp.
MASSIVE DAMAGE!!
You now have 20/25 mp.
Eustachio is engulfed in noxious fumes.
Eustachio appears confused.
Eustachio barely misses you.
Eustachio hits himself with a +0 rapier of protection.
Duvessa is engulfed in noxious fumes.
Duvessa is engulfed in noxious fumes.
Duvessa appears confused.
Aiming: Sandblast (safe; 1% risk of failure)
Press: ? - help, Q - select action, (/) - cycle Shift-Dir - straight line, f/p - Duvessa
Aim: Duvessa, wielding a +6 short sword of holy wrath and wearing a +0 leather armour (severely wounded, berserk, confused, 96% to hit)
The blast of sand hits Duvessa!
Duvessa is almost dead.
Duvessa rages.
Duvessa hits you with a +6 short sword of holy wrath!
You die...

#....#####...##...#
###.......#..#..#....
#....#..#.##...##....
#....######.#.#.##..#
##...##..#.......#...
#.@°#...###.#.###...
##..#..##.......##..
#.e...#.#.#.#.#)##.
###.@...#.........###
#.......#####.##### #
#.............###.###
##....................
#...................##
#..........#.#......##
####......###.......##
##.....###..#.....#
#....###.^.##.....


You could see Eustachio (confused) and Duvessa (berserk, confused).

Vanquished Creatures
  Grinder (D:3)
  A black bear (D:4)
  A centaur (D:6)
  A kobold brigand (D:6)
  2 bullfrogs (Sewer)
  5 scorpions
  Dowan (D:4)
  A jelly (D:6)
  A hound (D:4)
  An orc priest (D:4)
  3 iguanas
  A gnoll bouda (D:6)
  Ijyb (D:3)
  Natasha (twice) (D:2)
  5 orc wizards
  12 gnolls
  4 adders
  A river rat (D:6)
  A shadow imp (D:6)
  2 white imps
  A worm (D:3)
  17 orcs
  12 ball pythons
  6 bats
  8 endoplasms
  11 giant cockroaches
  3 goblins
  7 hobgoblins
  12 kobolds
  11 quokkas
  7 frilled lizards
  3 rats
145 creatures vanquished.

Vanquished Creatures (others)
  5 plants (D:3)
5 creatures vanquished.

Grand Total: 150 creatures vanquished

Notes
Turn   | Place    | Note
-------+----------+-------------------------------------------
     0 | D:1      | jasper the Gargoyle Earth Elementalist began the quest for
                  | the Orb.
     0 | D:1      | Reached XP level 1. HP: 10/10 MP: 3/3
    26 | D:1      | Reached skill level 1 in Transmutations
   179 | D:1      | Reached XP level 2. HP: 15/15 MP: 3/5
   704 | D:1      | Learned a level 2 spell: Passwall
   850 | D:2      | Noticed Natasha
   854 | D:2      | Killed Natasha
   855 | D:2      | Reached XP level 3. HP: 12/19 MP: 2/7
   859 | D:2      | Learned a level 3 spell: Mephitic Cloud
   980 | D:2      | Found a stormy altar of Qazlal.
   983 | D:2      | Noticed Natasha
   987 | D:2      | Killed Natasha
   988 | D:2      | Reached skill level 1 in Conjurations
   988 | D:2      | Reached XP level 4. HP: 24/24 MP: 3/8
   991 | D:2      | Identified the +1 robe "Juiter" {+Blink Str+3 Dex-4}
  1288 | D:3      | Noticed Ijyb
  1306 | D:3      | Killed Ijyb
  1622 | D:3      | Reached skill level 1 in Poison Magic
  1644 | D:3      | Found a faded altar of an unknown god.
  1732 | D:3      | Reached XP level 5. HP: 28/28 MP: 9/9
  1738 | D:3      | Reached skill level 2 in Conjurations
  1771 | D:3      | Reached skill level 1 in Air Magic
  1784 | D:3      | Learned a level 3 spell: Stone Arrow
  2039 | D:3      | Identified the amulet "Adghiar" {Acrobat Drain +Blink
                  | Stlth+}
  2292 | D:4      | Noticed Duvessa
  2292 | D:4      | Noticed Dowan
  2300 | D:4      | Killed Dowan
  2301 | D:4      | Reached XP level 6. HP: 32/32 MP: 7/11
  2425 | D:4      | Noticed Grinder
  2425 | D:4      | Found a sparkling altar of Nemelex Xobeh.
  2543 | D:3      | Paralysed by Grinder for 4 turns
  2547 | D:3      | Killed Grinder
  2548 | D:3      | Reached skill level 4 in Conjurations
  2548 | D:3      | Reached XP level 7. HP: 30/36 MP: 12/12
  2554 | D:3      | Learned a level 4 spell: Petrify
  2578 | D:4      | Noticed Eustachio
  2707 | D:4      | Reached skill level 5 in Conjurations
  2712 | D:4      | HP: 1/36 [Duvessa/+6 short sword of holy wrath (23)]
  2910 | D:5      | Entered Level 5 of the Dungeon
  3010 | D:5      | Reached skill level 6 in Conjurations
  3031 | D:5      | HP: 1/36 [scorpion (1)]
  3033 | D:5      | Reached XP level 8. HP: 2/41 MP: 15/15
  3894 | D:6      | Found an opulent altar of Gozag.
  4140 | D:6      | Reached skill level 1 in Fighting
  4219 | D:6      | Reached skill level 5 in Spellcasting
  4219 | D:6      | Reached skill level 5 in Earth Magic
  4401 | D:6      | Reached skill level 7 in Conjurations
  4422 | D:6      | Found a glowing drain.
  4434 | Sewer    | Entered a sewer
  4956 | D:6      | Found Umanet's Assorted Antiques.
  4963 | D:6      | Bought an embroidered cloak for 172 gold pieces
  4963 | D:6      | Bought a scroll labelled OSAR SALUODARO for 23 gold pieces
  4963 | D:6      | Bought a scroll of teleportation for 69 gold pieces
  5343 | D:6      | Found a staircase to the Ecumenical Temple.
  5505 | Temple   | Entered the Ecumenical Temple
  5656 | Temple   | Became a worshipper of Sif Muna the Loreminder
  6530 | D:4      | Found a radiant altar of Vehumet.
  6616 | D:5      | Slain by Duvessa

Illustrated notes

Levels and vault maps discovered:
D:1:      minmay_arrival_four_circles, layout_rooms
D:2:      layout_loops_corners, basic_altar, st_stairs_4, uniq_robin,
          uniq_natasha
D:3:      layout_basic, dreamdust_ecumenical_altar_angels_and_demons,
          kennysheep_small_spiral, chequers_big_river, kennysheep_cross_room,
          uniq_ijyb
D:4:      layout_rooms, zin_angel, nemelex_xobeh_ov_fountains_minmay,
          mainiacjoe_overflow_boulevard, grunt_decor_cap, uniq_grinder,
          uniq_duvessa, uniq_eustachio
D:5:      minmay_spotlight, layout_cave_pools
D:6:      layout_loops_ring, mainiacjoe_overflow_tiny_flanked,
          minmay_temple_entry_glassed_door, cheibrodos_sewer_entry_sluice,
          serial_shops, shop
Temple:   nicolae_temple_elliptical

Skill      XL: |  1  2  3  4  5  6  7  8 |
---------------+-------------------------+-----
Transmutations | 1 |  1.0
Earth Magic    | 4 5 |  5.5
Spellcasting   | 3 4 5 |  5.3
Conjurations   | 1 2 4 6 7 |  7.6
Poison Magic   | 1 2 |  2.0
Air Magic      | 1 2 |  2.0
Fighting       | 2 |  2.4
Dodging        | 2 |  2.6
Stealth        | |  2.1

Action                     |  1- 3 |  4- 6 |  7- 9 || total
---------------------------+-------+-------+-------++-------
  Melee: Spear             |       |       |    12 ||    12
  Throw: Stone             |       |     3 |       ||     3
   Cast: Sandblast         |    37 |    62 |   218 ||   317
         Mephitic Cloud    |       |     2 |    11 ||    13
         Petrify           |       |       |     4 ||     4
  Evoke: Wand              |       |       |     2 ||     2
    Use: Potion            |       |     2 |     2 ||     4
         Scroll            |       |       |    13 ||    13
 Armour: Robe              |     5 |     7 |    99 ||   111
  Dodge: Dodged            |     9 |    17 |   147 ||   173

Table legend: (Time is in decaauts)
 A = Elapsed time spent in this place.
 B = Non-inter-level travel time spent in this place.
 C = Inter-level travel time spent in this place.
 D = Time resting spent in this place.
 E = Time spent auto-exploring this place.
 F = Levels seen in this place.
 G = Mean time per level.
                   A        B        C        D        E       F      G
               +--------+--------+--------+--------+--------+-----+--------+
         Total |   6865 |   6350 |    515 |   1266 |   3874 |   8 |  858.1 |
       Dungeon |   6123 |   5636 |    487 |   1245 |   3393 |   6 | 1020.5 |
        Temple |    180 |    152 |     28 |      0 |    119 |   1 |  180.0 |
         Sewer |    561 |    561 |      0 |     21 |    362 |   1 |  561.0 |
               +--------+--------+--------+--------+--------+-----+--------+

Top non-repeatable levels by time:
     D:3: 1804 daAuts
     D:5: 1504 daAuts
     D:6: 1095 daAuts
     D:1: 728 daAuts
     D:4: 605 daAuts
   Sewer: 561 daAuts
     D:2: 385 daAuts
  Temple: 180 daAuts
